 Dungeon Crawl Stone Soup version 0.19-a0-32-gbfd796a (webtiles) character file.

65 M4edhros the Grave Robber (level 4, -4/27 HPs)
             Began as an Octopode Necromancer on May 2, 2016.
             Slain by a worker ant (7 damage)
             ... on level 5 of the Dungeon.
             The game lasted 00:03:01 (595 turns).

M4edhros the Grave Robber (Octopode Necromancer)     Turns: 595, Time: 00:03:02

Health: -4/27      AC:  1    Str:  6 (7)  XL:     4   Next: 14%
Magic:  1/7        EV: 12    Int: 14 (17) God:
Gold:   56         SH:  0    Dex: 10 (13) Spells: 3 memorised, 2 levels left

rFire  . . .     SeeInvis .       - Unarmed
rCold  . . .     Gourm    .     (no shield)
rNeg   . . .     Faith    .     (helmet restricted)
rPois  .         Spirit   .     (no amulet)
rElec  .         Dismiss  .     c - ring of wizardry
rCorr  .         Reflect  .     (no ring)
SustAt .         Harm     .     (no ring)
MR     .....                    (no ring)
Stlth  +++.......               (no ring)
                                (no ring)
                                (no ring)
                                (no ring)

@: not resistant to hostile enchantments, fairly stealthy
A: almost no armour, amphibious, 8 rings, constrict 8, camouflage 1, gelatinous
body 1
a: no special abilities


You were on level 5 of the Dungeon.
You were not hungry.

You visited 1 branch of the dungeon, and saw 5 of its levels.

You collected 56 gold pieces.

Inventory:

Hand Weapons
 i - a +2 long sword of freezing
Magical Staves
 e - an uncursed staff of earth
Jewellery
 c - a ring of wizardry (left tentacle)
Scrolls
 g - a scroll of amnesia {unknown}
 h - a scroll of identify {unknown}
Books
 a - a book of Necromancy

   Spells                             Type                      Level
   a - Pain                           Necromancy                   1
   b - Animate Skeleton               Necromancy                   1
   c - Vampiric Draining              Necromancy                   3
   d - Regeneration                   Charms/Necromancy            3
   e - Animate Dead                   Necromancy                   4
   f - Control Undead                 Necromancy                   4
Comestibles
 b - 2 bread rations
 d - a meat ration
 f - 2 chunks of flesh


   Skills:
 - Level 2.0 Dodging
 - Level 2.6 Stealth
 + Level 3.6 Unarmed Combat
 - Level 2.0 Spellcasting
 - Level 4.0 Necromancy


You had 2 spell levels left.
You knew the following spells:

 Your Spells              Type           Power        Failure   Level  Hunger
a - Pain                  Necr           ##..         1%          1    ##.....
b - Animate Skeleton      Necr           N/A          1%          1    ##.....
r - Regeneration          Chrm/Necr      #.........   12%         3    ####...


Dungeon Overview and Level Annotations

Branches:
Dungeon (5/15)
 Temple: D:4-7

Altars:
Qazlal


Innate Abilities, Weirdness & Mutations

You cannot wear most types of armour.
You are amphibious.
You can wear up to eight rings at the same time.
You can use your tentacles to constrict eight enemies at once.
Your skin changes colour to match your surroundings (Stealth).
Your rubbery body absorbs attacks (AC +1).


Message History

You barely miss the worker ant. You grab the worker ant.
The worker ant is moderately wounded.
Your skin is crawling a little less now.
You constrict the worker ant. The worker ant bites you.
* * * LOW HITPOINT WARNING * * *
Drink which item? (? for menu, Esc to quit)
It was a potion of cancellation.
Your magical effects are unravelling.
You feel magically purged.
Your skin stops crawling.
You constrict the worker ant, but do no damage.
The worker ant closely misses you. The worker ant bites you.
* * * LOW HITPOINT WARNING * * *
Drink which item? (? for menu, Esc to quit)
It was a potion of degeneration.
There was something very wrong with that liquid.
You feel weakened.
You feel dopey.
You feel clumsy.
You constrict the worker ant, but do no damage.
The worker ant bites you!
You die...

#.......
#.......
+.......
......#
.....##
#....#
#....#
#..@.#
#..a.#
#....#
#....#
#....#
#....#
+....+
#....#


You could see a worker ant.

Vanquished Creatures
  A hound (D:4)
  An adder (D:4)
  An ooze (D:2)
  An adder skeleton (D:4)
  A giant gecko (D:3)
  6 orcs
  A giant cockroach (D:4)
  A goblin (D:1)
  A quokka (D:3)
  A rat (D:2)
15 creatures vanquished.

Notes
Turn   | Place    | Note
--------------------------------------------------------------
     0 | D:1      | M4edhros the Octopode Necromancer began the quest for the Orb.
     0 | D:1      | Reached XP level 1. HP: 11/11 MP: 3/3
    94 | D:2      | Reached skill level 1 in Unarmed Combat
    94 | D:2      | Reached XP level 2. HP: 8/17 MP: 1/5
   404 | D:4      | Reached XP level 3. HP: 1/21 MP: 6/6
   407 | D:4      | Learned a level 1 spell: Animate Skeleton
   411 | D:4      | Learned a level 3 spell: Regeneration
   428 | D:4      | Found a stormy altar of Qazlal.
   510 | D:4      | Reached XP level 4. HP: 23/27 MP: 2/7
   588 | D:5      | Entered Level 5 of the Dungeon
   595 | D:5      | Slain by a worker ant

Vault maps used:
D:1:      roderic_crossed_star
D:4:      first_bread, grunt_qazlal_sundering
D:5:      nicolae_ru_great_annihilating_truth, elyvilon_altar_5,
          grunt_temple_overflow_open, minmay_holes, minmay_item_behind_shaft

Skill      XL: |  1  2  3 |
---------------+----------+-----
Unarmed Combat | 1 2 3 |  3.6
Dodging        | |  2.0
Stealth        | |  2.6
Spellcasting   | |  2.0
Necromancy     | |  4.0

Action                   |  1- 3 |  4- 6 || total
-------------------------+-------+-------++-------
Melee: Unarmed           |    19 |    10 ||    29
       Tentacles         |     5 |     2 ||     7
       Constrict         |     4 |     4 ||     8
 Cast: Pain              |    14 |     1 ||    15
       Regeneration      |     3 |     3 ||     6
  Use: Potion            |     1 |     2 ||     3
Armor: Skin              |     1 |       ||     1
Dodge: Dodged            |     6 |     4 ||    10
